 Zot Defence DCSS version 0.15.2 (webtiles) character file.

70 hexophile the Magician (level 4, -1/37 HPs)
             Began as a Naga Wizard on July 4, 2015.
             Splashed by an oklob sapling's acid (12 damage)
             ... created by the player character
             ... in the Realm of Zot (Scenario III: Two or Three?).
             The game lasted 00:01:56 (394 turns).

hexophile the Magician (Naga Wizard)                 Turns: 394, Time: 00:01:57

HP  -1/37        AC  2     Str 10      XL: 4   Next: 21%
MP   5/11        EV 10     Int 19      God:
Gold 0           SH  0     Dex  9      Spells:  1 memorised, 10 levels left

rFire  . . .     SeeInvis +     l - +0 dagger (speed)
rCold  . . .     Clarity  .     a - +0 robe
rNeg   . . .     rCorr    .     (no shield)
rPois  +         rRot     .     b - +0 hat
rElec  .         Spirit   .     (no cloak)
SustAb .         Warding  .     (no gloves)
rMut   .         Stasis   .     (no barding)
Gourm  .                        (no amulet)
MR     .....                    (no ring)
                                (no ring)

@: very slow, not resistant to hostile enchantments, unstealthy
A: spit poison, see invisible, deformed body, poison resistance, slowness 2, AC
+1
a: Make oklob sapling, Make arrow trap, Make plant, Remove Curse, Spit Poison


You were in the Realm of Zot.
You were not hungry.

You visited 1 branch

Inventory:

Hand weapons
 k - a +0 short sword
 l - a +0 dagger of speed (weapon)
Armour
 a - a +0 robe (worn)
 b - a +0 hat (worn)
Comestibles
 f - a bread ration
Scrolls
 j - a scroll of blinking
Potions
 d - 3 potions of curing
 e - a potion of heal wounds
 g - a potion of haste
 h - 2 potions of magic
 i - a potion of berserk rage
Books
 c - a book of Minor Magic

   Spells                             Type                      Level
   *Magic Dart                        Conjuration                  1
   Blink                              Translocation                2
   Call Imp                           Summoning                    2
   Repel Missiles                     Charms/Air                   2
   Slow                               Hexes                        2
   Conjure Flame                      Conjuration/Fire             3
   Mephitic Cloud                     Conjuration/Poison/Air       3


   Skills:
 * Level 0.8 Fighting
 + Level 1.9 Dodging
 - Level 3.0 Stealth
 - Level 0.2 Unarmed Combat
 * Level 4.3 Spellcasting
 * Level 1.1 Conjurations
   Level 1.0 Summonings
   Level 1.0 Translocations


You had 10 spell levels left.
You knew the following spells:

 Your Spells              Type           Power        Failure   Level  Hunger
a - Magic Dart            Conj           #...         10%         1    None


Dungeon Overview and Level Annotations

Branches:
    Zot (1/1)

Altars:


Innate Abilities, Weirdness & Mutations

You cannot wear boots.
You can spit poison.
Your serpentine skin is tough (AC +1).
You have supernaturally acute eyesight.
Armour fits poorly on your strangely shaped body.
Your system is resistant to poisons.
You cover ground very slowly.


Message History

You hit the goblin.
You kill the goblin!
You closely miss the ball python. You hit the kobold.
You kill the kobold!
You hit the kobold but do no damage.
A kobold comes into view.
You closely miss the kobold. You barely miss the kobold.
You hit the kobold but do no damage. You barely miss the kobold.
You hit the kobold.
The kobold is heavily wounded.
You hit the kobold but do no damage.
The kobold is heavily wounded.
Your oklob sapling spits acid at the kobold.
The splash of acid misses the kobold.
The splash of acid hits you!
* * * LOW HITPOINT WARNING * * *
The acid burns!
You die...

▓▓...▓..▓ ▓.▓ ▓..▓...▓▓
▓▓...▓..▓▓▓▓▓▓▓▓.▓▓▓▓▓▓▓▓..▓...▓▓
▓▓...▓▓...................▓▓...▓▓
▓▓.....▓.................▓.....▓▓
▓▓▓....▓.................▓....▓▓▓
▓▓▓▓▓▓▓▓▓▓▓▓▓▓▓▓▓▓▓▓▓▓▓▓▓▓▓▓▓▓▓▓▓
....▓▓▓ ▓▓▓▓▓▓▓▓▓ ▓▓▓....
▓▓....▓▓▓ ▓▓.%KSbbb▓▓ ▓▓▓....▓▓
▓▓▓▓....▓▓▓▓..).@.(..▓▓▓▓....▓▓▓▓
∆▓ ▓▓▓....▓.....(.....▓....▓▓▓ ▓∆
∆▓ ▓▓▓........(........▓▓▓ ▓∆ ▓▓
▓▓▓.........K...▓▓▓ ▓▓
▓▓▓▓▓▓▓▓▓▓▓▓........P▓▓▓▓▓▓▓▓▓▓▓▓
∆∆∆∆∆▓▓▓▓▓▓▓▓.......▓▓▓▓▓▓▓▓∆∆∆∆∆
▓▓▓▓▓▓▓▓▓▓▓▓.........▓▓▓▓▓▓▓▓▓▓▓▓
▓▓ ▓▓▓.............▓▓▓ ▓▓ ∆▓
▓▓▓.................▓▓▓ ▓∆


You could see 3 bats, a ball python, 2 kobolds and a friendly oklob sapling.

Vanquished Creatures
  An ogre skeleton (Zot)
  An orc (Zot)
  A ball python (Zot)
  2 bats (Zot)
  2 goblins (Zot)
  6 kobolds (Zot)
  An ooze (Zot)
  3 rats (Zot)
17 creatures vanquished.

Vanquished Creatures (collateral kills)
  A ball python (Zot)
  A bat (Zot)
  A kobold (Zot)
3 creatures vanquished.

Vanquished Creatures (others)
  An oklob sapling (Zot)
1 creature vanquished.

Grand Total: 21 creatures vanquished

Notes
Turn   | Place    | Note
--------------------------------------------------------------
     0 | Zot      | hexophile, the Naga Wizard, began the quest for the Orb.
     0 | Zot      | Reached XP level 1. HP: 15/15 MP: 4/4
   240 | Zot      | Reached XP level 2. HP: 7/22 MP: 0/6
   275 | Zot      | Reached XP level 3. HP: 11/28 MP: 5/8
   281 | Zot      | Reached skill level 4 in Spellcasting
   350 | Zot      | Reached XP level 4. HP: 12/37 MP: 0/11
   394 | Zot      | Splashed by an oklob sapling's acid

Action                   |  1- 3 |  4- 6 || total
-------------------------+-------+-------++-------
Melee: Unarmed           |    80 |    22 ||   102
       Dagger            |       |    12 ||    12
 Cast: Magic Dart        |    16 |       ||    16
 Abil: Spit Poison       |     2 |     1 ||     3
       Make oklob saplin |     1 |     1 ||     2
